 Dungeon Crawl Stone Soup version 0.17-a0-1139-g49cbdf8 (console) character file.

216 Monkaria the Slasher (level 5, -4/43 HPs)
             Began as a Demonspawn Chaos Knight on May 26, 2015.
             Slain by a mummy (8 damage)
             ... in an ossuary.
             The game lasted 00:07:21 (1934 turns).

Monkaria the Slasher (Demonspawn Chaos Knight)      Turns: 1934, Time: 00:07:22

Health: -4/43      AC: 11    Str: 15    XL:     5   Next: 61%
Magic:  5/5        EV: 11    Int: 13    God:    Xom [..*...]
Gold:   170        SH:  0    Dex: 13    Spells: 0 memorised, 4 levels left

rFire  + . .     SeeInvis .     a - +0 falchion (chaos)
rCold  + + .     Clarity  .     b - +3 leather armour
rNeg   . . .     SustAt   .     (no shield)
rPois  +         Gourm    .     d - +0 helmet
rElec  +         Spirit   .     (no cloak)
rCorr  +         Warding  .     (no gloves)
rMut   .         Stasis   .     (no boots)
MR     .....                    (no amulet)
Stlth  +.........               s - +2 ring of intelligence
                                l - +4 ring of protection

@: lethally poisoned (-4 -> -8), about to teleport, resistant, drained, not
resistant to hostile enchantments, very unstealthy
A: hooves 1, cold resistance 1, dopey 1, spiny 1, spit poison 1, strong 1
a: Spit Poison, Renounce Religion


You were in an ossuary.
You worshipped Xom.
You were a toy of Xom.
You were very hungry.

You visited 1 branch of the dungeon, and saw 4 of its levels.
You also visited: Ossuary.

You collected 170 gold pieces.

Inventory:

Hand weapons
 a - a +0 falchion of chaos (weapon)
Missiles
 j - 2 silver javelins (quivered)
 w - 6 tomahawks
Armour
 b - a +3 leather armour (worn)
 d - a +0 helmet (worn)
 q - a +2 scale mail of magic resistance
Jewellery
 l - a +4 ring of protection (left hand)
 m - an uncursed ring of magical power
 s - a +2 ring of intelligence (right hand)
 t - an uncursed amulet of resist mutation
Magical devices
 v - a wand of slowing (46)
Scrolls
 e - a scroll of enchant weapon {unknown}
 h - 2 scrolls of enchant armour
 n - a scroll of magic mapping
 y - a scroll of remove curse {unknown}
Potions
 k - a potion of agility
Comestibles
 c - 4 bread rations
 r - 3 fruits


   Skills:
 + Level 4.9(4.7) Fighting
 - Level 7.2(6.9) Long Blades
 - Level 1.7(1.5) Armour
 - Level 0.8(0.6) Dodging


You had 4 spell levels left.
You didn't know any spells.

Dungeon Overview and Level Annotations

Branches:
Dungeon (4/15)
 Temple: D:4-7

Altars:
Nemelex Xobeh
Sif Muna

Annotations:
D:4 Kisielow's ghost, average MfSk


Innate Abilities, Weirdness & Mutations

You are partially covered in sharp spines.
You have large cloven feet.
Your flesh is cold resistant.
You are dopey. (Int -2)
You can spit weak poison.
Your muscles are strong. (Str +2)


Message History

You feel extremely strange.
You feel stronger.
You feel resistant to cold.
You feel stupid. The mummy is struck by your spines. The mummy hits you.
* * * LOW HITPOINT WARNING * * *
The mummy completely misses you.
The big kobold zombie is struck by your spines.
The big kobold zombie hits you but does no damage.
You closely miss the big kobold zombie.
You kick the big kobold zombie, but do no damage.
* * * LOW HITPOINT WARNING * * *
You feel sick.
The big kobold zombie is struck by your spines.
The big kobold zombie hits you but does no damage.
The mummy is struck by your spines. The mummy hits you but does no damage.
Unknown command.
Read which item? (? for menu, Esc to quit)
As you read the scroll labeled HEOLAE VORUMP, it crumbles to dust.
You feel strangely unstable.
It was a scroll of teleportation.
The mummy hits you!
You die...

#....#
#....#
#....#
#....#
#....#
#....#
#....#
#ZM..#
#@M∩.#
######


You could see 2 mummies and a big kobold zombie.

Vanquished Creatures
  Jessica (D:3)
  A worker ant (D:4)
  2 mummies (Ossuary)
  3 adders (D:2)
  An ooze (D:1)
  A worm (D:2)
  3 giant geckos
  An orc (D:3)
  5 giant cockroaches
  A gnoll zombie (Ossuary)
  8 hobgoblins
  9 jackals
  2 quokkas (D:2)
  6 bats
  5 giant newts (D:1)
  5 goblins
  A hobgoblin zombie (Ossuary)
  6 kobolds
  A kobold zombie (Ossuary)
  2 orc zombies (Ossuary)
  5 rats
69 creatures vanquished.

Vanquished Creatures (collateral kills)
  Terence (D:2)
1 creature vanquished.

Grand Total: 70 creatures vanquished

Notes
Turn   | Place    | Note
--------------------------------------------------------------
     0 | D:1      | Monkaria the Demonspawn Chaos Knight began the quest for the Orb.
     0 | D:1      | Reached XP level 1. HP: 18/18 MP: 1/1
    32 | D:1      | XOM: harmless Pois miscast
    56 | D:1      | XOM: silly message
   126 | D:1      | XOM: potion effect (experience)
   126 | D:1      | Reached skill level 7 in Long Blades
   126 | D:1      | Gained mutation: You are partially covered in sharp spines. [demonic ancestry]
   126 | D:1      | Reached XP level 2. HP: 24/24 MP: 2/2
   134 | D:1      | Reached XP level 3. HP: 26/29 MP: 3/3
   214 | D:1      | XOM: god gift: scroll labeled TETERU FANI
   264 | D:1      | XOM: god gift: 2 silver javelins
   479 | D:2      | XOM: god gift: coral ring {god gift}
   493 | D:2      | Noticed Terence
   494 | D:2      | XOM: summons friendly iron imp
   504 | D:2      | Killed Terence
   504 | D:2      | Reached XP level 4. HP: 29/37 MP: 4/4
   860 | D:2      | XOM: divination: detect creatures
   899 | D:2      | XOM: harmless Necr miscast
   943 | D:2      | Found a deep blue altar of Sif Muna.
  1186 | D:3      | Noticed Jessica
  1194 | D:3      | Killed Jessica
  1194 | D:3      | Reached XP level 5. HP: 30/43 MP: 5/5
  1313 | D:3      | Found a sparkling altar of Nemelex Xobeh.
  1448 | D:3      | XOM: give mutations
  1448 | D:3      | Gained mutation: You can spit weak poison. [Xom's grace]
  1448 | D:3      | Gained mutation: You have large cloven feet. [Xom's grace]
  1523 | D:3      | XOM: severe Conj miscast
  1679 | D:3      | XOM: harmless Trmt miscast
  1698 | D:3      | XOM: medium Divn miscast
  1813 | D:4      | Found a sand-covered staircase.
  1856 | D:4      | Noticed Kisielow's ghost (average MfSk)
  1876 | Ossuary  | Entered an ossuary
  1932 | Ossuary  | Gained mutation: Your muscles are strong. (Str +2) [potion of mutation]
  1932 | Ossuary  | Gained mutation: Your flesh is cold resistant. [potion of mutation]
  1932 | Ossuary  | Gained mutation: You are dopey. (Int -2) [potion of mutation]
  1934 | Ossuary  | Slain by a mummy

Vault maps used:
D:1:      matt_arrival_diagonals, grunt_decor_arrowhead
D:2:      lemuel_round_altar, first_bread, st_stairs_3, bh_walls_and_bars,
          uniq_terence
D:3:      lemuel_coloured_pillars_altar, uniq_jessica
D:4:      enter_ossuary_2
Ossuary:  ossuary_tomb_3

Action                   |  1- 3 |  4- 6 || total
-------------------------+-------+-------++-------
Melee: Falchion          |    60 |    79 ||   139
Evoke: Wand              |       |     1 ||     1
  Use: Scroll            |       |     9 ||     9
       Potion            |       |     8 ||     8
 Stab: Petrified         |     2 |       ||     2
       Sleeping          |       |     1 ||     1
  Eat: Chunk             |       |     2 ||     2
